 Dungeon Crawl Stone Soup version 0.20-a0-214-gb74cb0e (webtiles) character file.

1690976 WereVolvo the Maledictor (level 27, 135/135 HPs)
             Began as a Spriggan Enchanter on Oct 28, 2016.
             Was the Champion of Ashenzari.
             Escaped with the Orb
             ... and 3 runes on Nov 27, 2016!
             The game lasted 03:59:00 (73325 turns).

WereVolvo the Maledictor (Spriggan Enchanter)      Turns: 73325, Time: 03:59:01

Health: 135/135    AC: 20    Str: 15    XL:     27
Magic:  54/54      EV: 41    Int: 25    God:    Ashenzari [******]
Gold:   5622       SH: 18    Dex: 26    Spells: 2/68 levels left

rFire  + + .     SeeInvis +     b - +9 quick blade (elec)
rCold  . . .     Gourm    .     H - +4 moon troll leather armour {Spirit, Regen++ MP+5} (curse)
rNeg   + + +     Faith    .     O - +3 buckler of Detwyeph {rF+ Str+4 Dex+4} (curse)
rPois  +         Spirit   +     K - +4 hat of Lethargy {rElec rCorr} (curse)
rElec  +         Reflect  +     y - +1 cloak (curse)
rCorr  +         Harm     .     (gloves unavailable)
MR     ++++.     Clarity  +     (boots unavailable)
Stlth  +++.......               c - amulet "Uwkagaid" {Reflect rElec Slay+3 SH+5} (curse)
                                Y - ring of Tuheupnu {rPois AC+2 Str+4} (curse)
                                I - ring of Addoit {rF+ rN+++ Dex+4} (curse)

@: deflect missiles, very quick
A: unfitting armour, hooves 1, thin metallic scales 1, see invisible, berserk 1,
herbivore 3, speed 3, screaming 1, slow metabolism 2, no device heal 1
0: Orb of Zot
}: 3/15 runes: decaying, serpentine, silver
a: Curse Item, Scrying, Transfer Knowledge, Renounce Religion


You escaped.
You worshipped Ashenzari.
Ashenzari was exalted by your worship.
You were completely stuffed.

You visited 11 branches of the dungeon, and saw 53 of its levels.
You visited 1 bazaar.
You visited 1 ziggurat, and saw 10 of its levels.
You also visited: Labyrinth, Bailey and Wizlab.

You collected 8732 gold pieces.
You spent 3110 gold pieces at shops.

Inventory:

Hand Weapons
 a - a +9 quick blade of draining
 b - a +9 quick blade of electrocution (weapon)
 n - the +4 arc blade {discharge, rElec}
   (You found it on level 3 of the Elven Halls)

   It insulates you from electricity.
Armour
 y - a cursed +1 cloak (worn)
 H - the cursed +4 moon troll leather armour (worn) {Spirit, Regen++ MP+5}
   (You took it off a moon troll in a wizard's laboratory)

   It affects your magic capacity (+5).
   It increases your rate of regeneration.
   It has a curse placed upon it.
 K - the cursed +4 hat of Lethargy (worn) {rElec rCorr}
   (You found it on level 4 of the Vaults)

   It insulates you from electricity.
   It protects you from acid and corrosion.
   It has a curse placed upon it.
 O - the cursed +3 buckler of Detwyeph (worn) {rF+ Str+4 Dex+4}
   (You found it on level 3 of the Lair of Beasts)

   It affects your strength (+4).
   It affects your dexterity (+4).
   It protects you from fire.
   It has a curse placed upon it.
Magical Staves
 z - a cursed staff of energy
Rods
 W - a +5 lightning rod (13/13)
   (You found it in a labyrinth)
Jewellery
 c - the cursed amulet "Uwkagaid" (around neck) {Reflect rElec Slay+3 SH+5}
   (You bought it in a shop in a bazaar)

   [amulet of reflection]

   It shields you and reflects attacks.
   It affects your accuracy and damage with ranged weapons and melee attacks
   (+3).
   It insulates you from electricity.
   It affects your SH (+5).
   It has a curse placed upon it.
 I - the cursed ring of Addoit (left hand) {rF+ rN+++ Dex+4}
   (You took it off a deep elf high priest on level 3 of the Elven Halls)

   [ring of protection from fire]

   It affects your dexterity (+4).
   It protects you from fire.
   It renders you almost immune to negative energy.
   It has a curse placed upon it.
 J - an uncursed ring of protection from cold
 R - an uncursed ring of wizardry
 Y - the cursed ring of Tuheupnu (right hand) {rPois AC+2 Str+4}
   (You bought it in a shop on level 2 of the Orcish Mines)

   [ring of protection]

   It affects your AC (+2).
   It affects your strength (+4).
   It protects you from poison.
   It has a curse placed upon it.
Wands
 i - a wand of disintegration (3/24)
 j - a wand of disintegration (12/24)
 v - a wand of teleportation (3/9)
 F - a wand of teleportation (3/9)
 M - a wand of digging (8/24)
 X - a wand of disintegration (7/24)
 Z - a wand of digging (6/24)
Scrolls
 g - a scroll of silence
 h - 2 scrolls of brand weapon
 l - 15 scrolls of recharging
 p - 5 scrolls of fear
 u - 6 scrolls of magic mapping
 B - a scroll of blinking
 D - 28 scrolls of identify
 G - 7 scrolls of enchant armour
 L - 4 scrolls of fog
 N - 13 scrolls of amnesia
 T - 7 scrolls of remove curse
 V - 12 scrolls of teleportation
Potions
 e - 9 potions of brilliance
 f - 6 potions of cure mutation
 k - 3 potions of agility
 m - 2 potions of invisibility
 o - 4 potions of magic
 q - 15 potions of curing
 r - 2 potions of heal wounds
 s - 5 potions of haste
 t - 6 potions of might
 w - 4 potions of cancellation
 P - 4 potions of resistance
Books
 E - a book of Power

   Spells                             Type                      Level
   a - Fulminant Prism                Conjuration/Hexes            4
   b - Iskenderun's Mystic Blast      Conjuration                  4
   c - Venom Bolt                     Conjuration/Poison           5
   d - Bolt of Magma                  Conjuration/Fire/Earth       5
   e - Iron Shot                      Conjuration/Earth            6
   f - Orb of Destruction             Conjuration                  7
   g - Spellforged Servitor           Conjuration/Summoning        7
 U - a book of the Warp

   Spells                             Type                      Level
   a - Gell's Gravitas                Hexes/Translocation          3
   b - Portal Projectile              Translocation                3
   c - Force Lance                    Conjuration/Translocation    4
   d - Dispersal                      Translocation                6
   e - Controlled Blink               Translocation                8
   f - Disjunction                    Translocation                8
Miscellaneous
 S - a lamp of fire
Comestibles
 d - 18 bread rations
 x - a fruit


   Skills:
 - Level 11.3 Fighting
 - Level 15.0 Short Blades
 - Level 10.0 Armour
 + Level 21.0(24.4) Dodging
 - Level 16.0(19.9) Stealth
 - Level 5.5(8.6) Shields
 + Level 21.0 Spellcasting
 - Level 14.2(18.2) Conjurations
 - Level 23.4(26.7) Hexes
 - Level 14.4(18.4) Charms
 * Level 20.2(23.7) Air Magic


You had 2 spell levels left.
You knew the following spells:

 Your Spells              Type           Power        Failure   Level  Hunger
a - Discord               Hex            ########..   1%          8    ######.
b - Airstrike             Air            #######...   0%          4    None
c - Confuse               Hex            ########     0%          3    None
d - Dazzling Spray        Conj/Hex       ######       0%          3    None
e - Tukima's Dance        Hex            ########     0%          3    None
f - Silence               Hex/Air        ########..   0%          5    None
g - Deflect Missiles      Chrm/Air       #######...   1%          6    ##.....
h - Cause Fear            Hex            ########..   0%          4    None
i - Invisibility          Hex            ########     0%          6    ##.....
j - Spectral Weapon       Hex/Chrm       #######.     0%          3    None
k - Orb of Destruction    Conj           #######...   1%          7    ####...
l - Yara's Violent Unrav  Hex/Tmut       #######...   1%          5    None
m - Tornado               Air            #######...   14%         9    #######


Dungeon Overview and Level Annotations

Branches:
Dungeon (15/15)            Temple (1/1) D:4            Lair (6/6) D:8
  Swamp (4/4) Lair:2        Snake (4/4) Lair:3        Slime (0/5) Lair:5
    Orc (2/2) D:10            Elf (3/3) Orc:2        Vaults (5/5) D:14
  Crypt (3/3) Vaults:2       Tomb (0/3) Crypt:3      Depths (5/5) D:15
    Zot (5/5) Depths:5

Altars:
Ashenzari
Cheibriados
Dithmenos
Elyvilon
Fedhas
Gozag
Hepliaklqana
Kikubaaqudgha
Makhleb
Nemelex Xobeh
Okawaru
Qazlal
Ru
Sif Muna
Trog
Uskayaw
Vehumet
Xom
Yredelemnul
Zin
The Shining One
Beogh
Jiyva
Lugonu

Shops:
D:10 =   Orc:2 [!=?   Elf:1 }   Elf:2 *(%}   Elf:3 [   Snake:3 *   Vaults:2 (!
Vaults:3 }   Depths:1 (   Depths:2 *   Depths:4 }

Portals:
Hell: Depths:1 Depths:2 Depths:3 Depths:4 Depths:5
Abyss: Depths:1 Depths:3 Depths:4
Pandemonium: Depths:1 Depths:3 Depths:4
Trove: Depths:2 (give wand of hasting (9))

Annotations:
Lair:5 exclusion: 3 oklob plants
Swamp:3 Mara
Elf:2 3 runed doors
Vaults:2 exclusion: orange crystal statue
Vaults:3 Mennas
Crypt:2 Margery


Innate Abilities, Weirdness & Mutations

You are very small and have problems with some larger weapons.
You are too small for most types of armour.
You have supernaturally acute eyesight. (SInv)
You are a herbivore.
You cover ground extremely quickly.
You need consume almost no food.
You have large cloven feet.
You are partially covered in thin metallic scales. (AC +2)
You tend to lose your temper in combat.
You occasionally shout uncontrollably at your foes.
Potions and wands are less effective at restoring your health.


Message History

There is a stone staircase leading up here!
You climb upwards!
There is a stone staircase leading down here!
A hobgoblin comes into view! It is wielding a club!
The hobgoblin shouts!!!
You perforate the hobgoblin like a sieve!!!
There is a sudden explosion of sparks!!!
You annihilate the hobgoblin!!!
No target in view!!!
(D) Dungeon (T) Temple (L) Lair (S) Swamp (P) Snake Pit (M) Slime Pits (O) Orcish Mines (E) Elven Halls (V) Vaults (C) Crypt (W) Tomb (U) Depths (H) Hell (Z) Zot
Where to? (Enter - D:2 @ (x,y), ? - help)
There is an escape hatch in the ceiling here!
You see here 3 stones!
A mysterious force pulls you upwards! The hatch slams shut behind you!
There is an open door here!
There is a staircase leading out of the dungeon here!
You have escaped!!!

#...# #............
#.#.######..#..#######
#...........#..#######
#...........(....>))).
#.........#.##.#######
##...###...#.##.# #
#...##.##....##.##
#...#...#..#.##..#
#...'.@.'..#.###.#
#...#...#..#.# #.#
#...##.##..#.###.#
#######....###.........#
#................#.###.#
#.####.#.........#.# #.#
#.# #.#.........#.# #.#
#.####.(.#######...# #.#
#....(..## #....# #.#


There were no monsters in sight!

Vanquished Creatures
  3 ancient liches
  An orb of fire (Zot:5)
  A juggernaut (Zig:2)
  Frederick (Vaults:2)
  the Lernaean hydra (Swamp:4)
  A Killer Klown (Zot:5)
  Saint Roka (Depths:1)
  A caustic shrike (Depths:3)
  8 golden dragons
  Nikola (Vaults:3)
  2 profane servitors
  2 electric golems
  2 Brimstone Fiends
  A bone dragon (Crypt:3)
  12 tentacled monstrosities
  17 Orb Guardians (Zot:5)
  A deep elf blademaster (Elf:3)
  A moon troll (WizLab)
  4 quicksilver dragons
  A pandemonium lord (Zig:8)
  Asterion (Elf:3)
  2 titans
  4 liches
  11 tentacled starspawn (WizLab)
  A deep elf master archer (Elf:3)
  5 death cobs
  7 sphinxes
  3 ancient champions
  3 acid blobs
  Donald (Vaults:4)
  A thorn hunter (Swamp:3)
  13 tengu reavers
  12 nagarajas
  A warmonger (Zig:8)
  5 draconian monks
  12 storm dragons
  12 shadow dragons
  5 draconian knights
  6 fire giants
  A revenant (Crypt:3)
  12 vault wardens
  2 azure jellies
  Aizul (Elf:1)
  8 frost giants
  4 draconian scorchers
  5 ghost moths
  5 deep elf sorcerers
  A cacodemon (WizLab)
  2 iron dragons
  20 ghouls
  5 deep elf elementalists
  3 war gargoyles
  3 draconian stormcallers
  6 draconian shifters
  A draconian annihilator (Depths:5)
  3 very ugly things
  2 entropy weavers
  7 deep elf demonologists
  33 stone giants
  11 ironheart preservers
  6 vampire knights
  A starcursed mass (WizLab)
  The ghost of wazuzu the Bludgeoner, a journeyman MiAK of Lugonu (Lair:6)
  A juggernaut skeleton (Depths:4)
  6 black draconians
  5 white draconians
  5 green draconians
  3 spark wasps
  6 red draconians
  8 deep elf annihilators
  6 yellow draconians
  Azrael (Orc:2)
  9 purple draconians
  10 ettins
  11 eidola
  8 deep elf death magi
  2 pearl dragon zombies (Crypt:1)
  2 jiangshi (Crypt:1)
  2 merfolk javelineers
  A merfolk impaler (Depths:4)
  7 deep elf high priests
  8 fire dragons
  3 crystal guardians (WizLab)
  3 death oozes (Depths:5)
  A minotaur (Lab)
  A mummy priest (Crypt:3)
  12 great orbs of eyes
  22 hydras
  3 vault guards
  Erolcha (D:10)
  12 yaktaur captains
  A monstrous demonspawn (Depths:4)
  5 ice dragons
  A hell beast (Zot:5)
  17 naga warriors
  3 rakshasas
  6 spriggan air magi
  8 centaur warriors
  8 anacondas
  2 catoblepae
  4 ghost crabs
  14 death knights
  3 alligators
  2 tengu warriors
  4 deep troll shamans
  A queen ant (Lair:6)
  5 vampire magi
  18 ogre magi
  6 shock serpents
  5 spriggan berserkers
  9 dancing weapons
  11 deep elf knights
  18 naga sharpshooters
  4 hell hogs
  3 soul eaters
  4 death yaks (Lair:6)
  3 deep troll earth magi (Depths:2)
  Urug (D:10)
  Nergalle (D:10)
  A storm dragon zombie (Depths:4)
  Sonja (Lair:1)
  A sun demon (Depths:1)
  7 hell knights
  2 shadow wraiths
  3 salamander mystics
  An iron troll (Depths:4)
  A fire crab (shapeshifter) (D:15)
  An iron troll (shapeshifter) (Depths:4)
  2 sixfirhies (Depths:4)
  4 spriggan druids
  A golden dragon zombie (Zig:7)
  25 skeletal warriors
  3 shadow demons
  11 flayed ghosts
  An orange crystal statue (WizLab)
  7 wizards
  A ghost moth zombie (Crypt:2)
  5 unseen horrors
  9 glowing orange brains
  10 hill giants
  An infernal demonspawn (Depths:4)
  An anaconda zombie (Crypt:3)
  16 deep trolls
  2 shambling mangroves (Swamp:4)
  16 deep elf archers
  12 swamp dragons
  2 lindwurms (Swamp:4)
  11 naga ritualists
  22 phantasmal warriors
  11 ironbrand convokers
  A lindwurm (shapeshifter) (Vaults:1)
  11 mana vipers
  A sphinx zombie (Crypt:2)
  6 wolf spiders
  3 necromancers
  10 orc knights
  4 orc sorcerers
  An oklob plant (Lair:5)
  60 deep elf magi
  2 wolf spider zombies
  A frost giant zombie (Vaults:2)
  A shining eye (Depths:1)
  7 cyclopes
  3 manticores
  4 stone giant zombies (Crypt:3)
  16 moths of wrath
  A faun (shapeshifter) (Depths:3)
  3 elephants (Lair:6)
  62 ugly things
  2 iron dragon zombies
  2 guardian serpents
  2 centaur zombies
  4 apis skeletons (Crypt:1)
  11 salamanders
  A fire giant skeleton (Crypt:1)
  A black mamba (shapeshifter) (D:13)
  A frost giant skeleton (Vaults:2)
  A hell hog skeleton (Crypt:2)
  An elf zombie (Zig:7)
  12 vault sentinels
  40 black mambas
  30 naga magi
  3 spriggan zombies
  2 orange demons (Depths:1)
  A stone giant skeleton (Zig:6)
  Psyche (D:10)
  15 spiny frogs
  3 centaur skeletons (D:14)
  A gargoyle (D:14)
  3 eyes of devastation
  6 torpor snails
  2 rime drakes (Lair:6)
  2 yaktaurs (shapeshifter)
  3 tengu conjurers
  7 komodo dragons
  5 efreet
  19 freezing wraiths
  A guardian mummy (Crypt:3)
  3 hellions
  47 yaktaurs
  An ice devil (Depths:1)
  A spriggan skeleton (Zig:6)
  2 wind drakes (shapeshifter)
  2 polar bears (shapeshifter)
  6 trolls
  A jumping spider (shapeshifter) (Vaults:5)
  2 minotaur zombies (Lab)
  A meliai (shapeshifter) (Depths:3)
  5 polar bears (Lair:6)
  24 blink frogs
  13 hornets
  A shadow dragon simulacrum (Depths:4)
  7 tyrant leeches
  9 bog bodies
  30 two-headed ogres
  A blink frog (shapeshifter) (Vaults:2)
  51 slime creatures
  A hippogriff (shapeshifter) (Vaults:5)
  An ettin zombie (Zig:6)
  A fire dragon zombie (Crypt:3)
  2 stone giant simulacra (Vaults:2)
  6 hippogriffs
  A fire giant simulacrum (Vaults:2)
  A frost giant simulacrum (Vaults:2)
  10 air elementals
  15 water elementals
  16 spriggans
  A vampire (D:14)
  3 shadows
  47 yaks
  5 basilisks
  11 wraiths
  A human (shapeshifter) (Vaults:5)
  An ushabti (Crypt:3)
  A basilisk (shapeshifter) (Vaults:5)
  4 golden eyes (WizLab)
  A golden eye (shapeshifter) (Vaults:4)
  4 hungry ghosts
  A black mamba skeleton (Crypt:2)
  A wyvern (D:14)
  3 neqoxecs (WizLab)
  A yak (shapeshifter) (Vaults:3)
  9 fire elementals
  7 vampire mosquitoes
  A yaktaur simulacrum (Vaults:1)
  A chaos spawn (Depths:4)
  4 acid dragons
  18 insubstantial wisps
  17 soldier ants
  A spiny frog zombie (Crypt:3)
  19 swamp worms
  32 nagas
  6 wargs
  2 hell hounds (Orc:2)
  6 porcupines
  9 water moccasins
  14 swamp drakes
  A floating eye (Depths:4)
  24 orc warriors
  A porcupine (shapeshifter) (Elf:2)
  2 ice beasts
  3 sky beasts
  A black bear (Lair:6)
  2 eyes of draining (shapeshifter)
  74 ogres
  A black bear (shapeshifter) (D:14)
  An ettin simulacrum (Vaults:1)
  5 phantoms
  11 boggarts
  2 eyes of draining (Depths:1)
  27 wolves
  12 necrophages
  14 centaurs
  9 crocodiles
  A big kobold (D:14)
  A gnoll sergeant (D:9)
  A bullfrog (shapeshifter) (Vaults:5)
  12 bullfrogs
  2 earth elementals (Elf:2)
  A yaktaur skeleton (Crypt:1)
  A komodo dragon skeleton (Crypt:2)
  2 human skeletons (Vaults:2)
  10 wyvern skeletons
  5 scorpions
  A water moccasin skeleton (D:11)
  6 killer bees (D:7)
  7 wights
  2 electric eels (D:6)
  2 howler monkeys (D:9)
  12 crimson imps
  3 quasits
  4 bullfrog zombies
  3 bullfrog skeletons
  9 hounds
  A jelly (shapeshifter) (Vaults:5)
  8 jellies
  A human zombie (Crypt:3)
  12 orc priests
  An iron imp (Depths:4)
  A porcupine zombie (Crypt:1)
  3 iguanas
  12 orc wizards
  34 worker ants
  A lightning spire (Zig:10)
  A worker ant (shapeshifter) (Depths:4)
  6 ogre zombies (D:10)
  2 tengu skeletons
  2 hound zombies (D:6)
  3 hound skeletons
  A mummy (Crypt:3)
  A worker ant zombie (D:9)
  A howler monkey zombie (D:5)
  10 adders
  16 gnolls
  3 river rats (D:8)
  A swamp drake zombie (Crypt:2)
  6 shadow imps
  2 white imps
  3 oozes
  An ooze (shapeshifter) (Vaults:2)
  A lava snake zombie (Crypt:2)
  An adder skeleton (D:6)
  An adder zombie (D:7)
  5 worms
  2 dart slugs
  5 leopard geckos
  71 orcs
  6 giant cockroaches
  6 goblins
  8 hobgoblins
  4 jackals
  3 quokkas
  2 ball pythons
  15 bats
  A dart slug zombie (Crypt:1)
  2 frilled lizards (D:2)
  A frilled lizard zombie (Crypt:2)
  A gnoll skeleton (Crypt:1)
  2 goblin zombies (D:10)
  13 kobolds
  3 leopard gecko zombies
  An orc skeleton (D:10)
  18 orc zombies
  17 rats
  3 crawling corpses (Elf:3)
  A fungus (Lair:5)
  A plant (Lair:1)
  7 starspawn tentacles (WizLab)
2307 creatures vanquished.

Vanquished Creatures (collateral kills)
  A Tzitzimitl (Zig:8)
  A tentacled monstrosity (Zig:9)
  5 Orb Guardians (Zot:5)
  A death cob (Zot:4)
  A titan (Depths:4)
  2 shadow dragons (Zot:5)
  Agnes (Elf:1)
  2 draconian monks
  3 tengu reavers (Vaults:5)
  A thorn hunter (Zig:9)
  2 storm dragons
  2 vault wardens
  A frost giant (Depths:4)
  A cacodemon (Depths:1)
  A draconian shifter (Zot:2)
  2 draconian scorchers (Zot:3)
  A war gargoyle (Vaults:5)
  A blood saint (Zig:8)
  A draconian annihilator (Zot:3)
  5 very ugly things
  2 draconian stormcallers (Zot:5)
  3 black draconians (Zot:2)
  A deep elf demonologist (Vaults:5)
  5 red draconians
  A white draconian (Zot:3)
  2 purple draconians
  6 green draconians
  4 yellow draconians
  2 ettins (Vaults:5)
  A blizzard demon (Zig:8)
  A fire dragon (Depths:5)
  A rakshasa (Depths:4)
  A yaktaur captain (Vaults:5)
  An ice dragon (Depths:5)
  A torturous demonspawn (Zig:8)
  A naga warrior (Snake:4)
  2 hydras (Zig:9)
  20 vault guards
  2 ogre magi
  2 deep troll earth magi (Depths:2)
  2 alligators (Zig:9)
  3 deep troll shamans
  A sixfirhy (Zig:8)
  3 skeletal warriors
  An iron troll (Depths:2)
  2 spriggan druids
  A glowing orange brain (Depths:4)
  2 phantasmal warriors
  A lindwurm (Swamp:4)
  A shambling mangrove (Zig:9)
  2 deep elf magi (Vaults:5)
  4 orc knights
  3 ugly things
  An iron dragon zombie (Depths:4)
  An orc sorcerer (Depths:1)
  2 moths of wrath
  An elephant (shapeshifter) (Depths:4)
  A vault sentinel (Vaults:3)
  A hellion (Zig:8)
  2 yaktaurs (Vaults:5)
  A tengu conjurer (Depths:5)
  3 trolls (Vaults:5)
  3 two-headed ogres
  4 hornets
  A spriggan (Depths:2)
  2 vampire mosquitoes (Zig:9)
  2 swamp drakes
  3 necrophages (Crypt:3)
  3 orc warriors
  8 ogres
  3 boggarts (Depths:2)
  2 wights (D:14)
  2 orc wizards
  4 orcs
  2 starspawn tentacles (WizLab)
172 creatures vanquished.

Vanquished Creatures (others)
  A lich (Vaults:4)
  The ghost of Capuchin the Warrior, an adept MiFi of Okawaru (Swamp:4)
  A deep elf master archer (Elf:3)
  A draconian monk (Zot:4)
  A tengu reaver (Vaults:5)
  A fire giant (Depths:5)
  A draconian knight (Zot:4)
  A deep elf sorcerer (Vaults:2)
  A vault warden (Vaults:5)
  2 stone giants
  2 very ugly things
  A corrupter (Zig:8)
  2 red draconians
  3 yellow draconians
  A white draconian (Depths:5)
  2 ettins (Depths:4)
  A fire dragon (Depths:4)
  A great orb of eyes (WizLab)
  2 yaktaur captains (Depths:4)
  5 vault guards
  2 hell hogs
  A death knight (Crypt:3)
  A skeletal warrior (Crypt:3)
  A glowing orange brain (Zig:10)
  A naga ritualist (Snake:4)
  A swamp dragon (Zig:9)
  An orc sorcerer (Vaults:5)
  A cyclops (shapeshifter) (Vaults:1)
  3 moths of wrath
  A yaktaur (Depths:4)
  2 hornets (Zig:9)
  A spriggan (Zig:9)
  3 water elementals (Depths:5)
  5 dancing weapons
  An air elemental (Depths:5)
  A swamp worm (Swamp:1)
  A deep troll skeleton (Crypt:1)
  2 orc warriors
  An ogre (Vaults:5)
  A quasit (Depths:4)
  2 orcs (Vaults:5)
  2 demonic plants (WizLab)
  19 fungi
  5 plants
  9 spectral weapons
  19 starspawn tentacles (WizLab)
  7 withered plants (Crypt:3)
125 creatures vanquished.

Grand Total: 2604 creatures vanquished

Notes
Turn   | Place    | Note
-------+----------+-------------------------------------------
     0 | D:1      | WereVolvo the Spriggan Enchanter began the quest for the Orb.
     0 | D:1      | Reached XP level 1. HP: 9/9 MP: 5/5
   151 | D:1      | Huge Dmg: 3 Dmg
   152 | D:1      | Huge Dmg: 3 Dmg
   203 | D:1      | Huge Dmg: 2 Dmg
   482 | D:1      | Reached XP level 2. HP: 11/13 MP: 4/6
   519 | D:1      | Huge Dmg: 3 Dmg
   607 | D:1      | Learned a level 2 spell: Ensorcelled Hibernation
   992 | D:1      | Huge Dmg: 6 Dmg
  1215 | D:2      | Reached skill level 4 in Hexes
  1254 | D:2      | Reached XP level 3. HP: 16/16 MP: 8/8
  1427 | D:2      | Huge Dmg: 8 Dmg
  1608 | D:2      | Huge Dmg: 5 Dmg
  1625 | D:1      | Learned a level 3 spell: Confuse
  1713 | D:1      | Huge Dmg: 7 Dmg
  1725 | D:1      | Reached skill level 5 in Stealth
  1885 | D:2      | Huge Dmg: 5 Dmg
  1887 | D:2      | Reached XP level 4. HP: 14/21 MP: 9/9
  2320 | D:3      | Huge Dmg: 8 Dmg
  2332 | D:3      | Reached skill level 5 in Hexes
  2723 | D:3      | Reached XP level 5. HP: 23/24 MP: 10/10
  2728 | D:3      | Learned a level 3 spell: Dazzling Spray
  2775 | D:3      | Huge Dmg: 15 Dmg
  3025 | D:3      | Huge Dmg: 6 Dmg
  3367 | D:4      | Noticed a phantom
  3391 | D:4      | Killed a phantom
  3391 | D:4      | Reached XP level 6. HP: 26/28 MP: 6/11
  3827 | D:4      | Found a staircase to the Ecumenical Temple.
  3901 | D:4      | Reached skill level 5 in Dodging
  3901 | D:4      | Reached skill level 6 in Hexes
  4129 | D:4      | Reached XP level 7. HP: 32/32 MP: 12/12
  4337 | Temple   | Entered the Ecumenical Temple
  4459 | Temple   | Became a worshipper of Ashenzari the Shackled
  4584 | D:4      | Huge Dmg: 18 Dmg
  4590 | D:4      | Reached skill level 5 in Short Blades
  4882 | D:5      | Entered Level 5 of the Dungeon
  5018 | D:5      | Huge Dmg: 9 Dmg
  5019 | D:5      | Huge Dmg: 13 Dmg
  5237 | D:5      | Huge Dmg: 6 Dmg
  5253 | D:4      | Reached skill level 7 in Hexes
  5382 | D:5      | Learned a level 3 spell: Tukima's Dance
  5775 | D:6      | Reached XP level 8. HP: 36/36 MP: 14/14
  5789 | D:6      | Huge Dmg: 14 Dmg
  6065 | D:6      | Huge Dmg: 15 Dmg
  6440 | D:6      | Huge Dmg: 16 Dmg
  6616 | D:6      | Huge Dmg: 9 Dmg
  6617 | D:6      | Huge Dmg: 9 Dmg
  6966 | D:7      | Huge Dmg: 12 Dmg
  7056 | D:6      | Huge Dmg: 7 Dmg
  7061 | D:6      | Reached skill level 8 in Hexes
  7194 | D:7      | Huge Dmg: 9 Dmg
  7245 | D:7      | Reached * piety under Ashenzari
  7334 | D:7      | Reached XP level 9. HP: 29/39 MP: 3/17
  7336 | D:7      | Huge Dmg: 6 Dmg
  7343 | D:7      | Huge Dmg: 10 Dmg
  7458 | D:7      | Huge Dmg: 13 Dmg
  7654 | D:7      | Huge Dmg: 8 Dmg
  7654 | D:7      | Reached skill level 5 in Spellcasting
  7796 | D:7      | Found an iron altar of Okawaru.
  7861 | D:7      | Huge Dmg: 10 Dmg
  8187 | D:8      | Reached skill level 9 in Hexes
  8303 | D:8      | Learned a level 5 spell: Silence
  8471 | D:8      | Found a staircase to the Lair.
  8563 | D:8      | Found a deep blue altar of Sif Muna.
  8572 | D:8      | Huge Dmg: 8 Dmg
  8584 | D:8      | Huge Dmg: 17 Dmg
  8589 | D:8      | Huge Dmg: 3 Dmg
  9265 | D:9      | Noticed a troll
  9269 | D:9      | Killed a troll
  9269 | D:9      | Reached skill level 10 in Hexes
  9406 | D:9      | Reached XP level 10. HP: 40/44 MP: 20/20
  9523 | D:10     | Entered Level 10 of the Dungeon
  9523 | D:10     | Noticed Urug
  9528 | D:10     | Noticed Nergalle
  9597 | D:10     | Huge Dmg: 9 Dmg
  9604 | D:10     | Huge Dmg: 9 Dmg
  9819 | D:10     | Killed Nergalle
  9819 | D:10     | Reached skill level 1 in Air Magic
  9874 | D:10     | Identified a scroll of acquirement
  9996 | D:10     | Noticed an unseen horror
 10011 | D:10     | Killed an unseen horror
 10014 | D:10     | Huge Dmg: 9 Dmg
 10019 | D:10     | Huge Dmg: 7 Dmg
 10020 | D:10     | Huge Dmg: 10 Dmg
 10029 | D:10     | Killed Urug
 10029 | D:10     | Reached skill level 10 in Short Blades
 10263 | D:10     | Found a staircase to the Orcish Mines.
 10421 | D:10     | Reached ** piety under Ashenzari
 10583 | D:10     | Noticed Psyche
 10592 | D:10     | Killed Psyche
 10620 | D:10     | Huge Dmg: 17 Dmg
 10820 | D:10     | Huge Dmg: 12 Dmg
 10840 | D:10     | Reached XP level 11. HP: 23/47 MP: 13/23
 11154 | D:10     | Noticed Erolcha
 11156 | D:10     | Killed Erolcha
 11156 | D:10     | Reached skill level 10 in Dodging
 11246 | D:10     | Found Nauxkux's Jewellery Emporium.
 11249 | D:10     | Bought an uncursed ring of poison resistance for 200 gold pieces
 11249 | D:10     | Bought a +2 amulet of reflection for 250 gold pieces
 11253 | D:10     | Huge Dmg: 22 Dmg
 11439 | D:11     | Noticed a red ugly thing
 11456 | D:11     | Killed a red ugly thing
 11512 | D:11     | Reached skill level 5 in Air Magic
 11799 | D:11     | Noticed a hill giant
 11803 | D:11     | Reached skill level 1 in Armour
 11806 | D:11     | Huge Dmg: 14 Dmg
 11829 | D:11     | Killed a hill giant
 11914 | D:11     | Noticed an unseen horror
 11917 | D:11     | Huge Dmg: 16 Dmg
 11939 | D:11     | Huge Dmg: 14 Dmg
 11954 | D:11     | Huge Dmg: 15 Dmg
 12032 | D:11     | Huge Dmg: 9 Dmg
 12036 | D:11     | Huge Dmg: 9 Dmg
 12037 | D:11     | Huge Dmg: 8 Dmg
 12038 | D:11     | Killed an unseen horror
 12243 | D:11     | Learned a level 6 spell: Deflect Missiles
 12276 | D:11     | Huge Dmg: 12 Dmg
 12353 | D:10     | Huge Dmg: 11 Dmg
 12359 | D:10     | Reached skill level 1 in Charms
 12428 | Lair:1   | Entered Level 1 of the Lair of Beasts
 12490 | Lair:1   | Huge Dmg: 11 Dmg
 12496 | Lair:1   | Huge Dmg: 7 Dmg
 12510 | D:8      | Huge Dmg: 6 Dmg
 12514 | D:8      | Huge Dmg: 13 Dmg
 12515 | D:8      | HP: 1/47 [wolf (8)]
 12516 | D:8      | Huge Dmg: 5 Dmg
 12813 | Lair:1   | Noticed Sonja
 12853 | Lair:1   | Killed Sonja
 13317 | Lair:2   | Found a staircase to the Swamp.
 13360 | Lair:2   | Reached *** piety under Ashenzari
 13500 | Lair:2   | Reached skill level 5 in Charms
 13590 | Lair:2   | Huge Dmg: 16 Dmg
 13709 | Lair:2   | Huge Dmg: 14 Dmg
 13761 | Lair:2   | Huge Dmg: 10 Dmg
 13828 | Lair:2   | Found a snail-covered altar of Cheibriados.
 13829 | Lair:2   | Reached XP level 12. HP: 51/51 MP: 25/25
 14009 | Lair:2   | Learned a level 4 spell: Cause Fear
 14064 | Lair:3   | Huge Dmg: 15 Dmg
 14152 | Lair:3   | Got the uncursed buckler of Detwyeph {rF+ Str+4 Dex+4}
 14158 | Lair:3   | Identified the +3 buckler of Detwyeph {rF+ Str+4 Dex+4} (You found it on level 3 of the Lair of Beasts)
 14244 | Lair:3   | Huge Dmg: 10 Dmg
 14253 | Lair:3   | Huge Dmg: 13 Dmg
 14256 | Lair:3   | Reached skill level 1 in Shields
 14397 | Lair:3   | Found a staircase to the Snake Pit.
 14907 | Lair:3   | Reached **** piety under Ashenzari
 15015 | Lair:3   | Noticed a seven-headed hydra
 15033 | Lair:3   | Huge Dmg: 13 Dmg
 15054 | Lair:3   | Killed a seven-headed hydra
 15419 | Lair:4   | Huge Dmg: 13 Dmg
 15436 | Lair:4   | Huge Dmg: 13 Dmg
 15646 | Lair:4   | Reached skill level 10 in Stealth
 16081 | Lair:4   | Noticed a catoblepas
 16127 | Lair:4   | Killed a catoblepas
 16253 | Lair:5   | Reached XP level 13. HP: 55/55 MP: 27/27
 16280 | Lair:5   | Found a labyrinth entrance.
 16289 | Lab      | Entered a labyrinth
 16548 | Lab      | Noticed a minotaur
 16559 | Lab      | Huge Dmg: 16 Dmg
 16566 | Lab      | Killed a minotaur
 16573 | Lab      | Reached skill level 11 in Hexes
 16591 | Lab      | Identified the cursed +1 mace of Somewhere Else {flame, *Drain rElec rC+} (You found it in a labyrinth)
 16691 | Lair:5   | Reached ***** piety under Ashenzari
 17042 | Lair:5   | Huge Dmg: 12 Dmg
 17112 | Lair:5   | Huge Dmg: 19 Dmg
 17118 | Lair:5   | Reached skill level 10 in Spellcasting
 17256 | Lair:5   | Found a staircase to the Slime Pits.
 17330 | Lair:5   | Reached skill level 5 in Shields
 17341 | Lair:5   | Huge Dmg: 12 Dmg
 17500 | Lair:6   | Entered Level 6 of the Lair of Beasts
 17558 | Lair:6   | Noticed wazuzu's ghost (journeyman MiAK)
 17639 | Lair:6   | Huge Dmg: 20 Dmg
 17669 | Lair:6   | Killed wazuzu's ghost
 17784 | Lair:6   | Huge Dmg: 14 Dmg
 17855 | Lair:6   | Huge Dmg: 21 Dmg
 17878 | Lair:6   | Huge Dmg: 14 Dmg
 18037 | Lair:6   | Huge Dmg: 18 Dmg
 18061 | Lair:6   | Huge Dmg: 11 Dmg
 18063 | Lair:6   | Huge Dmg: 19 Dmg
 18067 | Lair:6   | Reached skill level 1 in Fighting
 18233 | Lair:6   | Huge Dmg: 15 Dmg
 18618 | Lair:6   | Huge Dmg: 14 Dmg
 18838 | Lair:6   | Huge Dmg: 12 Dmg
 18844 | Lair:6   | Noticed an entropy weaver
 18886 | Lair:6   | Huge Dmg: 31 Dmg
 18899 | Lair:5   | Killed an entropy weaver
 18899 | Lair:5   | Reached skill level 12 in Hexes
 18957 | Lair:6   | Huge Dmg: 16 Dmg
 18977 | Lair:6   | Huge Dmg: 24 Dmg
 18993 | Lair:6   | Huge Dmg: 12 Dmg
 19135 | Lair:6   | Reached XP level 14. HP: 63/63 MP: 29/29
 19147 | Lair:6   | Huge Dmg: 13 Dmg
 19156 | Lair:6   | Noticed an entropy weaver
 19299 | Lair:6   | Huge Dmg: 16 Dmg
 19318 | Lair:5   | Huge Dmg: 11 Dmg
 19407 | Lair:6   | Huge Dmg: 14 Dmg
 19408 | Lair:6   | Killed an entropy weaver
 19482 | Lair:6   | Reached skill level 15 in Stealth
 19495 | Lair:6   | Huge Dmg: 15 Dmg
 19756 | Lair:6   | Huge Dmg: 19 Dmg
 20003 | Lair:6   | Upgraded the game from 0.20-a0-2-g2b0e13a to 0.20-a0-3-g334f831
 20217 | D:12     | Huge Dmg: 24 Dmg
 20271 | D:12     | Reached skill level 10 in Charms
 20881 | D:13     | Found a flagged portal.
 20906 | Bailey   | Entered a bailey
 22159 | D:14     | Reached ****** piety under Ashenzari
 22282 | D:14     | Identified the +10 plate armour of Disaster {rElec}
 22304 | D:14     | Reached skill level 5 in Fighting
 22324 | D:14     | Identified the +2 great sword of Gotataxo {flame, Str+4}
 22513 | D:14     | Found a gate to the Vaults.
 22516 | D:14     | Huge Dmg: 18 Dmg
 23129 | D:14     | Reached XP level 15. HP: 73/73 MP: 30/30
 23131 | D:14     | Huge Dmg: 19 Dmg
 23160 | D:14     | Identified Ythut's Grimoire of Enchantment
 23199 | D:14     | Huge Dmg: 22 Dmg
 23202 | D:14     | Huge Dmg: 14 Dmg
 23464 | D:14     | Learned a level 6 spell: Invisibility
 23548 | D:14     | Huge Dmg: 15 Dmg
 23913 | D:15     | Entered Level 15 of the Dungeon
 24025 | D:15     | Found a staircase to the Depths.
 24025 | D:15     | Noticed a fire giant
 24065 | D:15     | Huge Dmg: 16 Dmg
 24070 | D:15     | Killed a fire giant
 24549 | D:15     | Huge Dmg: 15 Dmg
 24859 | Orc:1    | Entered Level 1 of the Orcish Mines
 25175 | Orc:1    | Found a roughly hewn altar of Beogh.
 25304 | Orc:2    | Entered Level 2 of the Orcish Mines
 25315 | Orc:2    | Noticed Azrael
 25321 | Orc:2    | Killed Azrael
 25324 | Orc:2    | Found Idumorph's Magic Scroll Shoppe.
 25324 | Orc:2    | Found Receahol's Distillery.
 25356 | Orc:2    | Found Irigur's Jewellery Shop.
 25356 | Orc:2    | Found Idutuh's Antique Armour Emporium.
 25382 | Orc:2    | Huge Dmg: 12 Dmg
 25739 | Orc:2    | Reached skill level 10 in Air Magic
 25828 | Orc:2    | Bought a scroll of enchant weapon for 112 gold pieces
 25828 | Orc:2    | Bought a scroll of identify for 30 gold pieces
 25828 | Orc:2    | Bought a scroll of teleportation for 45 gold pieces
 25828 | Orc:2    | Bought a scroll of teleportation for 45 gold pieces
 25829 | Orc:2    | Bought the ring of Tuheupnu {rPois AC+2 Str+4} for 384 gold pieces
 25830 | Orc:2    | Gained mutation: Your spells are a little harder to cast, but a little more powerful. [potion of mutation]
 25830 | Orc:2    | Gained mutation: You are frail. (-10% HP) [potion of mutation]
 25831 | Orc:2    | Lost mutation: You are frail. (-10% HP) [potion of cure mutation]
 25831 | Orc:2    | Lost mutation: Your spells are a little harder to cast, but a little more powerful. [potion of cure mutation]
 25838 | Orc:2    | Bought a potion of heal wounds for 60 gold pieces
 25838 | Orc:2    | Bought a potion of cure mutation for 300 gold pieces
 25838 | Orc:2    | Bought a potion of agility for 48 gold pieces
 25838 | Orc:2    | Bought a potion of magic for 96 gold pieces
 25838 | Orc:2    | Bought a potion of flight for 36 gold pieces
 25839 | Orc:2    | Gained mutation: You are robust. (+10% HP) [potion of mutation]
 25839 | Orc:2    | Gained mutation: You tend to lose your temper in combat. [potion of mutation]
 25862 | Orc:2    | Huge Dmg: 24 Dmg
 26159 | Orc:2    | Found a staircase to the Elven Halls.
 26355 | Orc:2    | Upgraded the game from 0.20-a0-3-g334f831 to 0.20-a0-4-gd166d5d
 26501 | Swamp:1  | Entered Level 1 of the Swamp
 26759 | Swamp:1  | Huge Dmg: 27 Dmg
 27471 | Swamp:2  | Reached XP level 16. HP: 88/88 MP: 31/31
 27626 | Swamp:2  | Huge Dmg: 16 Dmg
 27635 | Swamp:2  | Huge Dmg: 17 Dmg
 27717 | Swamp:2  | Huge Dmg: 19 Dmg
 27733 | Swamp:2  | Reached skill level 5 in Armour
 28173 | Swamp:2  | Found an opulent altar of Gozag.
 28548 | Swamp:3  | Noticed a thorn hunter
 28549 | Swamp:3  | Killed a thorn hunter
 28723 | Swamp:3  | Reached skill level 1 in Conjurations
 28858 | Swamp:3  | Noticed a thorn hunter
 28859 | Swamp:3  | Noticed Mara
 29328 | Swamp:3  | Huge Dmg: 25 Dmg
 29453 | Swamp:4  | Entered Level 4 of the Swamp
 29455 | Swamp:4  | Upgraded the game from 0.20-a0-4-gd166d5d to 0.20-a0-9-g62d82d9
 29521 | Swamp:4  | Huge Dmg: 19 Dmg
 29800 | Swamp:4  | Noticed Capuchin's ghost (adept MiFi)
 29823 | Swamp:4  | Huge Dmg: 20 Dmg
 29908 | Swamp:4  | Huge Dmg: 21 Dmg
 29947 | Swamp:4  | Killed Capuchin's ghost
 30209 | Swamp:4  | Noticed the 27-headed Lernaean hydra
 30247 | Swamp:4  | Huge Dmg: 28 Dmg
 30248 | Swamp:4  | Huge Dmg: 21 Dmg
 30249 | Swamp:4  | Huge Dmg: 10 Dmg
 30582 | Swamp:4  | Huge Dmg: 26 Dmg
 30812 | Swamp:4  | Huge Dmg: 81 Dmg
 31303 | Swamp:4  | Got a decaying rune of Zot
 31386 | Swamp:4  | Killed the 27-headed Lernaean hydra
 31738 | Lair:2   | Upgraded the game from 0.20-a0-9-g62d82d9 to 0.20-a0-16-g0876c8e
 31805 | Snake:1  | Entered Level 1 of the Snake Pit
 31882 | Snake:1  | Reached XP level 17. HP: 94/94 MP: 32/32
 31936 | Snake:1  | Huge Dmg: 26 Dmg
 32533 | Snake:1  | Huge Dmg: 19 Dmg
 32609 | Snake:1  | Upgraded the game from 0.20-a0-16-g0876c8e to 0.20-a0-38-g7d30548
 32728 | Snake:2  | Huge Dmg: 23 Dmg
 32828 | Snake:2  | Identified the +2 scale mail of Wusm {rC+ Dex+3}
 32869 | Snake:2  | Found a bloodstained altar of Trog.
 33003 | Snake:2  | Huge Dmg: 20 Dmg
 33932 | Snake:3  | Found Liduof's General Store.
 33942 | Snake:3  | Bought a scroll of acquirement for 520 gold pieces
 34151 | Snake:3  | Huge Dmg: 18 Dmg
 34660 | Snake:4  | Entered Level 4 of the Snake Pit
 34988 | Snake:4  | Upgraded the game from 0.20-a0-38-g7d30548 to 0.20-a0-208-g55166f7
 35197 | Snake:4  | Reached XP level 18. HP: 93/102 MP: 33/33
 35450 | Snake:4  | Huge Dmg: 18 Dmg
 35491 | Snake:4  | Huge Dmg: 17 Dmg
 35526 | Snake:4  | Reached skill level 5 in Conjurations
 36039 | Snake:4  | Reached skill level 10 in Armour
 36308 | Snake:4  | Huge Dmg: 20 Dmg
 36348 | Snake:4  | Huge Dmg: 39 Dmg
 36600 | Snake:4  | Got a serpentine rune of Zot
 36792 | Snake:4  | Reached skill level 10 in Fighting
 37236 | Vaults:1 | Entered Level 1 of the Vaults
 37450 | Vaults:1 | Gained mutation: Armour fits poorly on your strangely shaped body. [potion of mutation]
 37450 | Vaults:1 | Gained mutation: You are partially covered in thin metallic scales. (AC +2) [potion of mutation]
 38266 | Vaults:1 | Huge Dmg: 26 Dmg
 38741 | Vaults:1 | Reached XP level 19. HP: 108/108 MP: 34/34
 38743 | Vaults:1 | Found a gateway to a bazaar.
 38924 | Bazaar   | Entered a bazaar
 38926 | Bazaar   | Found Cimosuin's Book Boutique.
 38930 | Bazaar   | Found Saoth's Jewellery Boutique.
 38930 | Bazaar   | Found Fiociaka's Gadget Boutique.
 38930 | Bazaar   | Found Liloemi's Distillery.
 38966 | Bazaar   | Bought the amulet "Uwkagaid" {Reflect rElec Slay+3 SH+5} for 309 gold pieces
 38979 | Bazaar   | Bought a potion of heal wounds for 45 gold pieces
 38997 | Bazaar   | Bought a potion of haste for 90 gold pieces
 38997 | Bazaar   | Bought a potion of curing for 27 gold pieces
 38997 | Bazaar   | Bought a potion of curing for 27 gold pieces
 39430 | Vaults:2 | Huge Dmg: 19 Dmg
 39440 | Vaults:2 | Noticed Frederick
 39474 | Vaults:1 | Huge Dmg: 31 Dmg
 40017 | Vaults:2 | Found a staircase to the Crypt.
 40017 | Vaults:2 | Found an ancient bone altar of Kikubaaqudgha.
 40018 | Vaults:2 | Found a basalt altar of Yredelemnul.
 40150 | Vaults:2 | Killed Frederick
 40786 | Vaults:2 | Found Rouwkoikk's Distillery.
 40963 | Vaults:2 | Found Worrom's Weapon Shop.
 41037 | Vaults:3 | Found Heikeh's Gadget Emporium.
 41042 | Vaults:3 | Huge Dmg: 45 Dmg
 41185 | Vaults:3 | Reached skill level 15 in Air Magic
 41190 | Vaults:3 | Huge Dmg: 27 Dmg
 41871 | Vaults:3 | Noticed Nikola
 41897 | Vaults:3 | Killed Nikola
 42038 | Vaults:3 | Noticed Mennas
 42101 | Vaults:3 | Reached skill level 15 in Dodging
 42358 | Vaults:3 | Huge Dmg: 44 Dmg
 42744 | Vaults:4 | Noticed a lich
 42778 | Vaults:4 | Huge Dmg: 26 Dmg
 42784 | Vaults:4 | Killed a lich
 42932 | Vaults:4 | Reached XP level 20. HP: 115/115 MP: 30/35
 43589 | Vaults:4 | Huge Dmg: 48 Dmg
 43655 | Vaults:4 | Noticed Donald
 43866 | Vaults:4 | Found a radiant altar of Vehumet.
 43867 | Vaults:4 | Identified the +1 hat of the Wasteland {rF- MR+ MP+9}
 43883 | Vaults:4 | Identified the +4 hat of Lethargy {rElec rCorr}
 43884 | Vaults:4 | Identified the cursed +0 robe of Mirth {Str-5 Dex+7}
 43997 | Vaults:4 | Reached skill level 13 in Hexes
 44169 | Vaults:4 | Huge Dmg: 23 Dmg
 44173 | Vaults:4 | Killed Donald
 44804 | Elf:1    | Entered Level 1 of the Elven Halls
 44998 | Elf:1    | Huge Dmg: 28 Dmg
 45098 | Elf:1    | Noticed Agnes
 45114 | Elf:1    | Killed Agnes
 45118 | Elf:1    | Gained mutation: You evolve. [potion of beneficial mutation]
 45514 | Elf:1    | Noticed Aizul
 45556 | Elf:1    | Killed Aizul
 45642 | Elf:1    | Found Zezucav's Gadget Boutique.
 45904 | Elf:2    | Found Vymeut's Weapon Emporium.
 45941 | Elf:2    | Found a runed gate.
 45941 | Elf:2    | Found a runed gate.
 45941 | Elf:2    | Found a runed gate.
 45964 | Elf:2    | Found Danan's General Store.
 46036 | Elf:2    | Huge Dmg: 28 Dmg
 46121 | Elf:2    | Found Feekai's Gadget Boutique.
 46161 | Elf:2    | Bought a wand of teleportation (5/9) for 486 gold pieces
 46199 | Elf:2    | Found Huig's Food Emporium.
 46394 | Elf:3    | Entered Level 3 of the Elven Halls
 46476 | Elf:3    | Found Kokemiev's Armour Boutique.
 46673 | Elf:3    | Noticed Asterion
 46690 | Elf:3    | Killed Asterion
 46844 | Elf:3    | Reached XP level 21. HP: 109/119 MP: 37/37
 47322 | Elf:3    | Huge Dmg: 35 Dmg
 47332 | Elf:3    | Huge Dmg: 18 Dmg
 47491 | Elf:3    | Huge Dmg: 26 Dmg
 47617 | Elf:3    | Identified the +4 war axe of Yrakan {chop, -Tele rN+ Dex+3 Stlth+} (You took it off a deep elf elementalist on level 3 of the Elven Halls)
 47638 | Elf:3    | Identified the +1 mace "Heziug" {pain, rF+} (You took it off a deep elf high priest on level 3 of the Elven Halls)
 47772 | Elf:3    | Identified the +7 short sword of Fadurph Paug {drain, rC+ Str+3} (You took it off a deep elf demonologist on level 3 of the Elven Halls)
 47806 | Elf:3    | Identified the ring of Addoit {rF+ rN+++ Dex+4} (You took it off a deep elf high priest on level 3 of the Elven Halls)
 47806 | Elf:3    | Identified the cursed +0 scale mail of the Bouncing Wonders {rPois rF- rN+ Int+6} (You took it off a deep elf high priest on level 3 of the Elven Halls)
 47873 | Elf:3    | Identified the cursed -6 shield "Ythiattevui" {Dex+7} (You took it off a deep elf annihilator on level 3 of the Elven Halls)
 47971 | Elf:3    | Identified the cursed +1 chain mail "Tuoteybi" {rC+ MR+ Str-2} (You took it off a deep elf high priest on level 3 of the Elven Halls)
 48017 | Elf:3    | Identified the Volume of the Cloudy Rocks
 48310 | Elf:3    | Upgraded the game from 0.20-a0-208-g55166f7 to 0.20-a0-210-gd6c29eb
 48319 | Elf:3    | Learned a level 8 spell: Discord
 48607 | Crypt:1  | Entered Level 1 of the Crypt
 48716 | Crypt:1  | Huge Dmg: 21 Dmg
 48759 | Crypt:1  | Noticed a profane servitor
 48844 | Crypt:1  | Killed a profane servitor
 49121 | Crypt:1  | Huge Dmg: 26 Dmg
 49122 | Crypt:1  | Huge Dmg: 15 Dmg
 49310 | Vaults:2 | Learned a level 4 spell: Airstrike
 49534 | Vaults:2 | Learned a level 3 spell: Spectral Weapon
 49715 | Crypt:1  | Huge Dmg: 22 Dmg
 49758 | Crypt:1  | Huge Dmg: 19 Dmg
 50187 | Crypt:1  | Found a basalt altar of Yredelemnul.
 50368 | Crypt:2  | Reached skill level 14 in Hexes
 50670 | Crypt:2  | Noticed Margery
 50681 | Crypt:2  | Huge Dmg: 23 Dmg
 50684 | Crypt:2  | Huge Dmg: 19 Dmg
 50736 | Crypt:2  | Huge Dmg: 35 Dmg
 50752 | Crypt:2  | Huge Dmg: 31 Dmg
 50757 | Crypt:2  | Huge Dmg: 22 Dmg
 50760 | Crypt:2  | Huge Dmg: 14 Dmg
 51155 | Crypt:2  | Huge Dmg: 40 Dmg
 51272 | Crypt:3  | Entered Level 3 of the Crypt
 51412 | Crypt:3  | Huge Dmg: 29 Dmg
 51637 | Crypt:3  | Reached XP level 22. HP: 123/125 MP: 40/40
 51969 | Crypt:3  | Found a basalt altar of Yredelemnul.
 52150 | Crypt:3  | Reached skill level 10 in Conjurations
 52150 | Crypt:3  | Reached skill level 15 in Hexes
 52155 | Crypt:3  | Huge Dmg: 27 Dmg
 52157 | Crypt:3  | Huge Dmg: 32 Dmg
 52159 | Crypt:3  | Huge Dmg: 17 Dmg
 52215 | Crypt:3  | Identified the amulet "Jaynneru" {Gourm rElec Int+3 Dex-2}
 52270 | Crypt:3  | Huge Dmg: 20 Dmg
 52394 | Crypt:3  | Identified the Handbook of Dusty Evil
 52571 | Crypt:3  | Huge Dmg: 44 Dmg
 52715 | Crypt:3  | Huge Dmg: 18 Dmg
 52982 | Crypt:3  | Found a staircase to the Tomb.
 53011 | Crypt:3  | Huge Dmg: 16 Dmg
 53019 | Crypt:3  | Huge Dmg: 16 Dmg
 53442 | Crypt:1  | Huge Dmg: 25 Dmg
 53692 | Vaults:5 | Entered Level 5 of the Vaults
 53702 | Vaults:5 | Reached skill level 16 in Hexes
 54082 | Vaults:5 | Identified the +8 scimitar of Power {slice, *Slow MR+ Int+3 Dex+6} (You took it off a vault sentinel on level 5 of the Vaults)
 54161 | Vaults:5 | Identified the +7 dagger of the Lettuce {speed, Str+2}
 54189 | Vaults:5 | Identified Sif Muna's Guide on the Escort and Transmigration
 54192 | Vaults:5 | Identified the +1 rapier "Puicafumo" {pierce, +Fly MP-9 Dex+10 SInv}
 54414 | Vaults:5 | Huge Dmg: 33 Dmg
 54451 | Vaults:5 | Reached skill level 17 in Hexes
 54603 | Vaults:5 | Identified the amulet "Wastrilo" {Reflect +Fly rN++ Int-4 SH+5} (You took it off a frost giant on level 5 of the Vaults)
 54688 | Vaults:5 | Reached skill level 15 in Spellcasting
 54695 | Vaults:5 | Huge Dmg: 28 Dmg
 54704 | Vaults:5 | Huge Dmg: 14 Dmg
 54705 | Vaults:5 | Huge Dmg: 26 Dmg
 54969 | Vaults:5 | Huge Dmg: 26 Dmg
 54983 | Vaults:4 | Huge Dmg: 19 Dmg
 54984 | Vaults:4 | Huge Dmg: 15 Dmg
 54989 | Vaults:4 | Huge Dmg: 20 Dmg
 54991 | Vaults:4 | Huge Dmg: 20 Dmg
 54992 | Vaults:4 | Huge Dmg: 5 Dmg
 54997 | Vaults:4 | Huge Dmg: 10 Dmg
 55000 | Vaults:4 | HP: 2/125 [titan/the air (18)]
 55001 | Vaults:4 | Huge Dmg: 18 Dmg
 55321 | Vaults:4 | Huge Dmg: 28 Dmg
 55474 | Vaults:5 | Reached XP level 23. HP: 109/129 MP: 39/43
 55751 | Vaults:5 | Gained mutation: You have large cloven feet. [evolution]
 55753 | Vaults:5 | Huge Dmg: 26 Dmg
 55760 | Vaults:5 | Reached skill level 18 in Hexes
 55772 | Vaults:5 | Huge Dmg: 40 Dmg
 56169 | Vaults:5 | Got a silver rune of Zot
 56619 | Depths:1 | Entered Level 1 of the Depths
 56632 | Depths:1 | Found a magical portal.
 56641 | WizLab   | Entered Lehudib's Moon Base
 57013 | WizLab   | Gained mutation: You occasionally shout uncontrollably at your foes. [a cacodemon]
 57116 | WizLab   | Huge Dmg: 33 Dmg
 57248 | WizLab   | Reached skill level 19 in Hexes
 57617 | WizLab   | Learned a level 7 spell: Orb of Destruction
 58216 | WizLab   | Identified Lehudib's Compendium of the Unstable Mountains
 58478 | Depths:1 | Noticed Saint Roka
 58527 | Depths:1 | Killed Saint Roka
 58617 | Depths:1 | Found a one-way gate to the infinite horrors of the Abyss.
 58747 | Depths:1 | Found a gateway to Hell.
 58940 | Depths:1 | Found a gateway to a ziggurat.
 59018 | Depths:1 | Found Yluna's Weapon Emporium.
 59069 | Depths:1 | Found a one-way gate leading to the halls of Pandemonium.
 59283 | Depths:2 | Found a portal to a secret trove of treasure.
 59420 | Depths:2 | Found Jehaxkeu's Pet Rocks.
 59516 | Depths:2 | Reached skill level 20 in Hexes
 59753 | Depths:2 | Reached XP level 24. HP: 106/135 MP: 35/44
 60807 | Depths:3 | Huge Dmg: 23 Dmg
 60888 | Depths:3 | Found a corrupted altar of Lugonu.
 61503 | Depths:4 | Found a hide-covered altar of Uskayaw.
 61809 | Depths:4 | Reached skill level 21 in Hexes
 62041 | Depths:4 | Paralysed by a floating eye for 3 turns
 62073 | Depths:4 | Huge Dmg: 29 Dmg
 62318 | Depths:4 | Found Adwebivi's Quality Used Wands.
 62561 | Depths:5 | Entered Level 5 of the Depths
 62925 | Depths:5 | Found a gate to the Realm of Zot.
 63151 | Depths:5 | Found a viscous altar of Jiyva.
 63190 | Depths:5 | Reached XP level 25. HP: 126/138 MP: 31/46
 63194 | Depths:5 | Reached skill level 22 in Hexes
 63713 | Depths:5 | Upgraded the game from 0.20-a0-210-gd6c29eb to 0.20-a0-214-gb74cb0e
 64010 | Zig:1    | Entered Level 1 of a ziggurat
 64045 | Zig:2    | Entered Level 2 of a ziggurat
 64049 | Zig:2    | Noticed a juggernaut
 64067 | Zig:2    | Killed a juggernaut
 64079 | Zig:3    | Entered Level 3 of a ziggurat
 64082 | Zig:3    | Identified the ring "Exud" {Fire rPois rN+ Int+3}
 64451 | Zig:4    | Entered Level 4 of a ziggurat
 64487 | Zig:4    | Identified the Handbook of Flight and Necromancy
 64590 | Zig:5    | Entered Level 5 of a ziggurat
 64596 | Zig:5    | Noticed an ancient lich
 64693 | Zig:5    | Killed an ancient lich
 64876 | Zig:6    | Entered Level 6 of a ziggurat
 64923 | Zig:6    | Identified the Reference Book on Poisonous Changing
 65114 | Zig:7    | Entered Level 7 of a ziggurat
 65122 | Zig:7    | Identified the ring of Kindness {*Contam rElec Str+4 Slay+4}
 65155 | Zig:7    | Reached skill level 15 in Short Blades
 65155 | Zig:7    | Reached XP level 26. HP: 144/144 MP: 46/46
 65329 | Zig:8    | Entered Level 8 of a ziggurat
 65337 | Zig:8    | Noticed Jacuraery the pandemonium lord
 65347 | Zig:8    | Huge Dmg: 38 Dmg
 65354 | Zig:8    | Huge Dmg: 29 Dmg
 65375 | Zig:8    | Killed Jacuraery the pandemonium lord
 65598 | Zig:9    | Entered Level 9 of a ziggurat
 65824 | Zig:10   | Entered Level 10 of a ziggurat
 65846 | Depths:1 | Identified a +4 rod of shadows (11/11) (You found it on level 6 of a ziggurat)
 65876 | Depths:1 | Reached skill level 23 in Hexes
 66124 | Zot:1    | Entered Level 1 of the Realm of Zot
 66856 | Zot:1    | Lost mutation: Armour fits poorly on your strangely shaped body. [evolution]
 66856 | Zot:1    | Lost mutation: You evolve. [end of evolution]
 69008 | Zot:3    | Huge Dmg: 28 Dmg
 69023 | Zot:3    | Reached XP level 27. HP: 87/148 MP: 25/47
 69683 | Zot:3    | Huge Dmg: 30 Dmg
 70676 | Zot:4    | Learned a level 5 spell: Yara's Violent Unravelling
 70686 | Zot:4    | Learned a level 9 spell: Tornado
 70829 | Zot:5    | Entered Level 5 of the Realm of Zot
 71461 | Zot:5    | Noticed an ancient lich
 71511 | Zot:5    | Killed an ancient lich
 72191 | Zot:5    | Noticed an ancient lich
 72288 | Zot:5    | Killed an ancient lich
 72530 | Zot:5    | Huge Dmg: 24 Dmg
 72628 | Zot:5    | Noticed an orb of fire
 72633 | Zot:5    | Lost mutation: You are robust. (+10% HP) [an orb of fire]
 72635 | Zot:5    | Gained mutation: Potions and wands are less effective at restoring your health. [an orb of fire]
 72638 | Zot:5    | Killed an orb of fire
 72658 | Zot:5    | Got the Orb of Zot
 72739 | Zot:3    | Huge Dmg: 36 Dmg
 73325 | D:$      | Escaped with the Orb!

Vault maps used:
D:1:      dpeg_arrival_shelter
D:2:      kennysheep_generic_room_7
D:4:      first_bread, minmay_checkerbox
D:6:      serial_bayou_ford_a
D:7:      okawaru_gym_becter
D:8:      grunt_lair_entry_orc_guard_hut, basic_altar
D:10:     zombieorc1_lemuel, serial_shops, nicolae_shop_behind_doors,
          grunt_pizzeria, uniq_erolcha, uniq_psyche, uniq_nergalle, uniq_urug
D:13:     enter_bailey_2, minmay_statues_item, billiards_dpeg
D:14:     minmay_spiral_squares, david_vaults_2, roderic_ancient_swastika
D:15:     grunt_enter_depths_giant_problem,
          hangedman_abyss_or_decor_jellyfish_corner
Temple:   minmay_crystal_snake_temple
Lair:1:   wad_woods_02, grunt_megastairs_5, serial_bayou_shore_b, uniq_sonja
Lair:2:   swamp_mist_pool, kennysheep_snail_temple
Lair:3:   guppyfry_snake_entry_island, grunt_megastairs_3, serial_bayou_shore_b
Lair:4:   kennysheep_catoblepas_arena, grunt_megastairs_1
Lair:5:   minmay_lair_oklob_items, minmay_slime_entry_oklob_enclosed,
          lab_entry_generic
Lair:6:   minmay_lair_end_enchanted_forest, zaba_antful_of_joy
Swamp:1:  infiniplex_staircase_pool_2, cheibrodos_swamp_slimy
Swamp:2:  nicolae_swamp_godswood
Swamp:3:  nicolae_swamp_very_dense_foliage, uniq_mara
Swamp:4:  swamp_alternative, swamp_pool5, nicolae_swamp_dense_foliage
Snake:2:  basic_altar
Snake:3:  serial_shops, shop, abandoned_shop
Snake:4:  snake_pit, corexii_hall_statues_t
Orc:1:    basic_altar
Orc:2:    st_orc_ogre_mass, uniq_azrael
Elf:1:    minmay_elf_arrival_circle, serial_shops, shop,
          hangedman_corner_corridor, uniq_agnes, uniq_aizul
Elf:2:    serial_shops, nicolae_shop_temple_entry_statues_fountains,
          shop_fountains, shop, shop, minmay_misc_feat_five
Elf:3:    grunt_elf_hall_asides, serial_shops, nicolae_shop_crystal,
          minmay_crystal_room, roderic_roman_lattice,
          nicolae_elf_big_sculpture_3, uniq_asterion
Vaults:1: v_rooms_4, nicolae_vaults_yaktaur_gun_rack, v_misc_32,
          hangedman_vaults_river_flow, hangedman_vaults_corner_blocks,
          v_misc_18, v_pattern_2, ontoclasm_vaults_gateway, vaults_dpeg_cross,
          st_octagons_2, vaults_dpeg_diagonal, serial_shops, statue_bzr
Vaults:2: v_misc_13, nicolae_vaults_statue_guard, minmay_crypt_entry_necro_gods,
          hangedman_vaults_slice, ontoclasm_vaults_ring_small,
          nicolae_vaults_network_quincunx, nicolae_vaults_twisting_passages,
          nicolae_vaults_mini_display_case, hangedman_vaults_pinch,
          hangedman_vaults_slice, vaults_room_pools, serial_shops,
          nicolae_shop_trees, nicolae_shop_behind_doors, uniq_frederick
Vaults:3: ontoclasm_vaults_spin, ontoclasm_vaults_idyll, v_misc_9,
          grunt_vaults_focal, serial_ice_m, nicolae_vaults_angled_halls,
          serial_shops, shop, uniq_nikola, uniq_mennas
Vaults:4: vaults_mumra_hex, vaults_dpeg_doors, grunt_tower_of_power,
          nicolae_vaults_disjoint_gnomons, nicolae_vaults_network_quinsquares,
          v_rooms_3, nicolae_vaults_what_the_h, vaults_room_stairs_pillars,
          ontoclasm_vaults_eye, v_alt_pattern_1, ontoclasm_vaults_ring_square,
          uniq_donald
Crypt:1:  hangedman_blasphemy, grunt_crypt_arrival_split
Crypt:2:  st_stairs_11, uniq_margery
Crypt:3:  evilmike_haunted_forest
Depths:1: enter_ziggurat_d, mu_enter_wizlab_6, serial_shops, kennysheep_mini,
          abyss_entry, minmay_misc_feat_cross, rand_demon_pan_entry_8,
          hell_entry, kennysheep_generic_room_10, uniq_saint_roka
Depths:2: four-leaf_vault, hell_entry, enter_trove_0, serial_sigils,
          serial_sigils_hangedman_scratch, serial_sigils_hangedman_quiver,
          serial_sigils_hangedman_carve, serial_sigils_hangedman_stare,
          guppyfry_shop_earth
Depths:3: kennysheep_oblong_rooms, rand_demon_pan_entry_5, grunt_decor_cap,
          abyss_entry_flame_altar, hell_entry, fountainhead, minmay_evil_grid
Depths:4: minmay_quarter_circles, kennysheep_flooded_box,
          grunt_pan_entry_zigzag, abyss_entry_small_statue_room, hell_entry,
          nicolae_for_you_no_charge, infiniplex_staircase_river,
          basic_stair_grate_trap
Depths:5: grunt_zot_entry_funnels, special_room, hangedman_tar_grid_catacomb,
          hangedman_decor_diamond_cutter, serial_bayou_shore_a
Zot:1:    zot_minivault_5
Zot:2:    nicolae_moth_party, hangedman_hellfire_club
Zot:3:    grunt_ministairs_9
Zot:5:    hangedman_zot_decor_tridents
Lab:      labyrinth_hidden_loot
Bazaar:   bazaar_minmay_cross
Bailey:   bailey_polearm_1, bailey
WizLab:   wizlab_lehudib

Skill      XL: |  1  2  3  4  5  6  7  8  9 10 11 12 13 14 15 16 17 18 19 20 21 22 23 24 25 26 27 |
---------------+----------------------------------------------------------------------------------+-----
Hexes          | 4 5 6 7 8 10 12 13 14 17 20 21 22 23 | 23.4
Short Blades   | 2 3 4 6 7 9 10 12 13 14 15 | 15.0
Stealth        | 5 6 8 9 10 14 16 | 16.0
Dodging        | 4 5 6 8 9 10 12 15 17 18 21 | 21.0
Spellcasting   | 3 4 6 7 8 9 10 11 13 15 16 18 19 21 | 21.0
Air Magic      | 4 5 6 7 10 11 13 14 15 16 17 18 20 | 20.2
Armour         | 2 3 4 7 9 10 | 10.0
Charms         | 5 8 9 12 14 | 14.4
Shields        | 4 5 |  5.5
Fighting       | 2 5 7 8 9 10 11 | 11.3
Conjurations   | 3 4 6 7 8 9 11 12 13 14 | 14.2

Action                   |  1- 3 |  4- 6 |  7- 9 | 10-12 | 13-15 | 16-18 | 19-21 | 22-24 | 25-27 || total
-------------------------+-------+-------+-------+-------+-------+-------+-------+-------+-------++-------
Melee: Dagger            |    47 |       |       |       |       |       |       |       |       ||    47
       Short sword       |    50 |   140 |   395 |    38 |       |       |       |       |       ||   623
       Rapier            |       |       |       |   653 |   840 |       |   256 |  1875 |   163 ||  3787
       Quick blade       |       |       |       |       |   818 |  2193 |  2561 |       |  2165 ||  7737
       Kick              |       |       |       |       |       |       |       |   613 |  1306 ||  1919
 Cast: Corona            |     8 |       |       |       |       |       |       |       |       ||     8
       Ensorcelled Hiber |    10 |    18 |    38 |    31 |    60 |    16 |       |       |       ||   173
       Confuse           |       |     6 |    44 |    94 |   147 |   121 |    45 |     6 |       ||   463
       Dazzling Spray    |       |       |     3 |    28 |    32 |   108 |    42 |     2 |       ||   215
       Tukima's Dance    |       |       |       |    14 |     9 |    37 |    36 |     4 |       ||   100
       Cause Fear        |       |       |       |       |     2 |    12 |    21 |     3 |       ||    38
       Deflect Missiles  |       |       |       |       |     1 |     3 |     1 |     4 |     4 ||    13
       Invisibility      |       |       |       |       |     4 |    11 |    11 |     7 |    11 ||    44
       Airstrike         |       |       |       |       |       |       |    20 |    52 |    21 ||    93
       Spectral Weapon   |       |       |       |       |       |       |     6 |    27 |    22 ||    55
       Silence           |       |       |       |       |       |       |     6 |       |     3 ||     9
       Discord           |       |       |       |       |       |       |       |    19 |    17 ||    36
       Orb of Destructio |       |       |       |       |       |       |       |     4 |     7 ||    11
Invok: Curse Item        |       |       |     1 |     4 |     1 |     2 |     4 |     1 |       ||    13
Evoke: Wand              |       |       |       |     1 |     4 |       |     1 |     4 |     2 ||    12
       Lamp of fire      |       |       |       |       |     2 |       |     3 |     1 |     1 ||     7
       Rod               |       |       |       |       |       |       |       |       |     4 ||     4
  Use: Scroll            |     4 |     2 |     8 |    10 |    16 |    11 |    14 |     9 |     3 ||    77
       Potion            |       |       |     2 |     3 |     4 |     5 |    10 |    14 |     8 ||    46
 Stab: Sleeping          |     9 |    23 |    41 |    39 |    94 |    76 |    75 |    58 |    24 ||   439
       Distracted        |     1 |       |     1 |     3 |     6 |    12 |    14 |    22 |    21 ||    80
       Confused          |       |     3 |    19 |    60 |    68 |    56 |    13 |     3 |       ||   222
       Invisible         |       |       |       |     7 |    45 |    81 |    65 |    10 |    35 ||   243
       Petrified         |       |       |       |     2 |       |       |       |       |       ||     2
       Fleeing           |       |       |       |       |       |     4 |     3 |       |       ||     7
       Held in net/web   |       |       |       |       |       |       |       |       |     2 ||     2
  Eat: Bread ration      |       |     1 |     2 |       |       |     1 |     3 |     3 |     2 ||    12
       Fruit             |       |       |       |     3 |     4 |     9 |     3 |     4 |    12 ||    35
       Pizza             |       |       |       |     3 |     4 |     6 |       |     2 |       ||    15
       Royal jelly       |       |       |       |       |     1 |       |       |     2 |     3 ||     6
Armor: Robe              |     7 |     9 |    51 |    11 |       |       |       |       |       ||    78
       Troll leather arm |       |       |       |    33 |    37 |    54 |    49 |   106 |   100 ||   379
Dodge: Dodged            |    86 |    76 |   387 |   337 |   615 |   614 |   709 |   894 |   942 ||  4660
       Deflected         |       |       |       |       |     3 |    29 |    16 |    35 |    24 ||   107
Block: Other             |       |       |       |    10 |       |       |       |       |       ||    10
       Buckler           |       |       |       |    49 |   573 |   579 |   754 |   886 |   795 ||  3636
       Reflection        |       |       |       |     1 |    10 |    63 |    53 |    46 |    11 ||   184
